 Dungeon Crawl Stone Soup version 0.30-a0-177-g1cb5dbfd7a (webtiles) character file.

Game seed: 12903778616332385798

75 Zonian the Sneak (level 4, -1/23 HPs)
             Began as a Vine Stalker Brigand on Oct 3, 2022.
             Succumbed to a water moccasin's poison
             ... in a sewer.
             The game lasted 00:03:54 (2393 turns).

Zonian the Sneak (Vine Stalker Brigand)             Turns: 2393, Time: 00:03:55

Health: -1/23      AC:  3    Str: 13    XL:     4   Next: 31%
Magic:  5/5        EV: 11    Int: 11    God:
Gold:   220        SH:  4    Dex: 18    Spells: 3/3 levels left

rFire   . . .      SeeInvis .    a - +2 dagger
rCold   . . .      Faith    .    o - +0 buckler
rNeg    . . .      Spirit   +    b - +0 robe
rPois   .          Reflect  .    (no helmet)
rElec   .          Harm     .    c - +0 cloak
rCorr   .          Rampage  .    (no gloves)
Will    .....                    (no boots)
Stlth   +++.......               (no amulet)
HPRegen 1.03/turn                (no ring)
MPRegen 0.09/turn                (no ring)

@: mighty, lethally poisoned (-1 -> -7)
A: fangs 2, regeneration 1, magic shield, antimagic bite, no potion heal 2
a: no special abilities


You were in a sewer.
You visited 1 branch of the dungeon, and saw 3 of its levels.
You also visited: Sewer.

You collected 220 gold pieces.

Inventory:

Hand Weapons
 a - a +2 dagger (weapon)
Missiles
 d - 12 poisoned darts (quivered)
 e - 3 curare-tipped darts
Armour
 b - a +0 robe (worn)
 c - a +0 cloak (worn)
 o - a +0 buckler (worn)
Jewellery
 j - a ring of fire
Wands
 r - a wand of roots (5)
Scrolls
 i - a scroll of teleportation {unknown}
 n - a scroll of summoning {unknown}
 p - a scroll of poison
 t - a scroll of enchant weapon {unknown}
Potions
 g - a potion of degeneration
 l - a potion of curing {unknown}
 m - 2 potions of lignification
 q - 3 potions of mutation
 s - a potion of attraction {unknown}
 u - a potion of haste {unknown}


   Skills:
 + Level 2.3 Fighting
 + Level 2.3 Short Blades
 + Level 2.2 Throwing
 + Level 1.4 Dodging
 + Level 5.3 Stealth
 + Level 0.6 Shields


You had 3 spell levels left.
You didn't know any spells.
Your spell library was empty.

Dungeon Overview and Level Annotations

Branches:
Dungeon (3/15)              Sewer (1/1)

Altars:


Innate Abilities, Weirdness & Mutations

You have extremely sharp teeth.
Your natural rate of healing is unusually fast.
When hurt, damage is shared between your health and your magic reserves.
Your bite disrupts and absorbs the magic of your enemies.
Potions cannot restore your health.


Message History

You hit the water moccasin but do no damage.
The water moccasin is lightly wounded.
You feel very sick. The water moccasin closely misses you.
You closely miss the water moccasin.
The water moccasin is lightly wounded.
You feel sick.
You block the water moccasin's attack. x2
You hit the water moccasin. Your bite misses the water moccasin.
The water moccasin is moderately wounded.
You feel sick.
The water moccasin bites you but does no damage.
You completely miss the water moccasin.
The water moccasin is moderately wounded.
You feel sick. The water moccasin closely misses you.
You hit the water moccasin.
The water moccasin is heavily wounded.
You feel sick.
The water moccasin looks more healthy.
The water moccasin barely misses you. x2
You hit the water moccasin.
The water moccasin is heavily wounded.
You feel sick. The water moccasin bites you.
You barely miss the water moccasin. You bite the water moccasin.
You drain its power.
You feel invigorated.
The water moccasin is severely wounded.
You feel sick. The water moccasin bites you.
You hit the water moccasin but do no damage.
The water moccasin is severely wounded.
You feel sick.
You are no longer poisoned.
The water moccasin bites you.
You are lethally poisoned!
The water moccasin poisons you! The water moccasin bites you.
* * * LOW HITPOINT WARNING * * *
It was a potion of magic.
Magic courses through your body.
* * * LOW HITPOINT WARNING * * *
You feel very sick. You block the water moccasin's attack.
It was a potion of might.
You feel very mighty all of a sudden.
You die...

######## #
###....~.### #
###...~..~..@# #
###..~~.####...S~#
###...~.###
###~~.(.#
.~.~.~~##
##~.~..(#
###...~.# ..~.###
# ###.....# .~##.(
# ###....~ ### (?#
# ##... ## ###


You could see a water moccasin.

Vanquished Creatures
  A gnoll (D:2)
  3 adders (D:3)
  A dart slug (D:1)
  5 ball pythons
  An endoplasm (D:2)
  4 giant cockroaches (D:3)
  3 goblins
  2 hobgoblins
  A jackal (Sewer)
  2 quokkas
  3 bats
  6 frilled lizards
  4 kobolds
  A rat (D:3)
37 creatures vanquished.

Notes
Turn   | Place    | Note
-------+----------+-------------------------------------------
     0 | D:1      | Zonian the Vine Stalker Brigand began the quest for the
                  | Orb.
     0 | D:1      | Reached XP level 1. HP: 11/11 MP: 2/2
   351 | D:1      | Reached skill level 1 in Dodging
   351 | D:1      | Reached skill level 5 in Stealth
   351 | D:1      | Reached XP level 2. HP: 15/15 MP: 3/3
   868 | D:2      | Found a faded altar of an unknown god.
   875 | D:2      | Reached XP level 3. HP: 18/18 MP: 4/4
  2034 | D:3      | Found a glowing drain.
  2055 | D:3      | Gained mutation: Your natural rate of healing is unusually
                  | fast. [Vine Stalker growth]
  2055 | D:3      | Reached XP level 4. HP: 12/23 MP: 3/5
  2123 | Sewer    | Entered a sewer
  2377 | Sewer    | Noticed a water moccasin
  2393 | Sewer    | Succumbed to a water moccasin's poison

Illustrated notes

Levels and vault maps discovered:
D:1:      amcnicky_arrival_choice, layout_rooms, minmay_liquid_box
D:2:      kennysheep_six_static_rooms, layout_basic,
          hellmonk_ecumenical_altar_lost_god, minmay_tetromino_o2
D:3:      layout_basic, gup_sewer_entry_glass
Sewer:    sewer_the_moccasin

Skill      XL: |  1  2 |
---------------+-------+-----
Dodging        | 1 |  1.4
Stealth        | 5 |  5.3
Fighting       | 2 |  2.3
Short Blades   | 2 |  2.3
Throwing       | 2 |  2.2
Shields        | |  0.6

Action                   |  1- 3 |  4- 6 || total
-------------------------+-------+-------++-------
Melee: Dagger            |    76 |    22 ||    98
       Bite              |    14 |     5 ||    19
Throw: Dart              |     9 |     6 ||    15
  Use: Scroll            |     1 |     3 ||     4
       Potion            |       |     2 ||     2
 Stab: Sleeping          |     9 |     1 ||    10
Armor: Robe              |    10 |     4 ||    14
Dodge: Dodged            |    36 |    10 ||    46
Block: Buckler           |     5 |     7 ||    12

Table legend: (Time is in decaauts)
 A = Elapsed time spent in this place.
 B = Non-inter-level travel time spent in this place.
 C = Inter-level travel time spent in this place.
 D = Time resting spent in this place.
 E = Time spent auto-exploring this place.
 F = Levels seen in this place.
 G = Mean time per level.
                   A        B        C        D        E       F      G
               +--------+--------+--------+--------+--------+-----+--------+
         Total |   2393 |   2311 |     82 |    427 |   1381 |   4 |  598.2 |
       Dungeon |   2117 |   2035 |     82 |    227 |   1378 |   3 |  705.7 |
         Sewer |    275 |    275 |      0 |    200 |      3 |   1 |  275.0 |
               +--------+--------+--------+--------+--------+-----+--------+

Top non-repeatable levels by time:
     D:2: 992 daAuts
     D:1: 597 daAuts
     D:3: 527 daAuts
   Sewer: 275 daAuts
